 Dungeon Crawl Stone Soup version 0.31-a0-219-g8d62b2e7bb (webtiles) character file.

Game seed: 13601585417125033342

222 qw the Chopper (level 5, -3/33 HPs)
             Began as a Gargoyle Fighter on July 3, 2023.
             Killed from afar by Ijyb (11 damage)
             ... with a bolt of light
             ... on level 4 of the Dungeon.
             The game lasted 00:01:25 (2497 turns).

qw the Chopper (Gargoyle Fighter)                   Turns: 2497, Time: 00:01:25

Health: -3/33      AC: 12    Str: 21    XL:     5   Next: 99%
Magic:  5/5        EV:  6    Int:  9    God:
Gold:   83         SH:  0    Dex:  9    Spells: 4/4 levels left

rFire   . . .        Y - +0 war axe
rCold   . . .        i - +0 tower shield
rNeg    + . .        b - +0 scale mail
rPois   inf          (no helmet)
rElec   +            (no cloak)
rCorr   .            g - +0 pair of gloves
SInv    .            (no boots)
Will    +....        (no amulet) Stlth
                     m - ring of willpower
HPRegen 0.25/turn    (no ring)
MPRegen 0.09/turn

%: no passive effects
@: confused
A: sickness immunity, AC +4, negative energy resistance 1, electricity
resistance, torment resistance 1, petrification resistance
a: no special abilities


You were on level 4 of the Dungeon.
You visited 1 branch of the dungeon, and saw 4 of its levels.

You collected 83 gold pieces.


Innate Abilities, Weirdness & Mutations

You are immune to sickness and miasma.
Your stone body is resilient. (AC +4)
You are immune to poison.
You resist negative energy. (rN+)
You are resistant to electric shocks. (rElec)
You are resistant to unholy torment.
You are immune to petrification.


   Skills:
 - Level 4.2 Fighting
 - Level 5.0 Axes
 - Level 3.2 Armour
 + Level 3.2 Shields


You had 4 spell levels left.
You didn't know any spells.
Your spell library was empty.

Inventory:

Hand Weapons
 n - a +0 whip
 Y - a +0 war axe (weapon)
Missiles
 e - 2 boomerangs (quivered)
Armour
 b - a +0 scale mail (worn)
 g - a +0 pair of gloves (worn)
 i - a +0 tower shield (worn)
Jewellery
 j - a ring of fire
 m - a ring of willpower (left hand)
Scrolls
 a - a scroll of identify
 o - a scroll of teleportation
Potions
 d - 3 potions of might
 h - a potion of magic
 k - a potion of enlightenment
 l - a potion of haste

Dungeon Overview and Level Annotations

Branches:
Dungeon (4/15)
 Temple: D:4-7

Altars:
Elyvilon
Ru
Zin

Annotations:
D:3 1 runed translucent door, qw's ghost, weakling GrHs
D:4 Ijyb


Message History

m - a ring of willpower (left hand) Done exploring.
2477 ||| READING 2 scrolls labelled SOTSYUFUKOS.
As you read the scroll labelled SOTSYUFUKOS, it crumbles to dust.
You hear a loud clanging noise!
It was a scroll of noise.
Done exploring.
2478 ||| READING 2 scrolls labelled PUM VEREFINE.
As you read the scroll labelled PUM VEREFINE, it crumbles to dust.
You feel strangely unstable.
It was a scroll of teleportation.
You start waiting.
Your surroundings suddenly seem different.
Done exploring.
2482 ||| READING 2 scrolls of identify.
As you read the scroll of identify, it crumbles to dust.
l - a potion of haste;
2482 ||| IDENTIFYING orange potion Done exploring.
2483 ||| DROPPING scroll of noise.
You drop a scroll of noise.
Done exploring.
(D) Dungeon
Where to? (* - list waypoints, Enter - D:3, ? - help)
What level of the Dungeon? (default 1, ? - help)
There is a stone staircase leading down here.
You climb downwards.
Found three items.
Found a stone staircase leading up and a stone staircase leading down.
There is a stone staircase leading up here.
Waypoint 3 assigned to D:4.
Ijyb the Twisted Goblin comes into view.
She is wielding a +0 club and carrying a wand of light (10).
Ijyb shouts!
Found a puce potion.
Ijyb zaps a wand.
The bolt of light hits you!
You completely miss Ijyb.
Ijyb zaps a wand.
The bolt of light hits you!
You are confused.
Ouch! That really hurt!
Ijyb hits you but does no damage.
Ijyb zaps a wand.
The bolt of light hits you!
You are more confused.
You die...

..... .# # #....
.# . #..#. .#.#
##....####.#.#
##..#...?.....#
...#......#...#
...........##.##
...........@g..#
.......<...#....#
...........#....#
...........##...#
.....<.....#
....#
...".......#
~.~~~.
..........##
~7~~. ..##.....##
!.~~~ .> ..##.##


You could see Ijyb.

Vanquished Creatures
  A vampire bat (D:3)
  An adder (D:3)
  5 dart slugs
  3 fire bats (D:3)
  3 worms
  2 spectral bats (D:3)
  17 bats
  A bat simulacrum (D:3)
  3 bat skeletons (D:3)
  A bat zombie (D:3)
  6 endoplasms
  A giant cockroach (D:2)
  8 goblins
  9 hobgoblins
  5 quokkas
  8 ball pythons
  3 frilled lizards
  6 kobolds
  5 rats
88 creatures vanquished.

Notes
Turn   | Place    | Note
-------+----------+-------------------------------------------
     0 | D:1      | qw the Gargoyle Fighter began the quest for the Orb.
     0 | D:1      | Reached XP level 1. HP: 14/14 MP: 1/1
     0 | D:1      | 0 ||| qw: Version: 0.3-a-40-ge99b1a8
     0 | D:1      | 0 ||| qw: Game counter: 334
     0 | D:1      | 0 ||| qw: Melee chars always use a shield: true
     0 | D:1      | 0 ||| qw: God list: Okawaru
     0 | D:1      | 0 ||| qw: Allow faded altars: false
     0 | D:1      | 0 ||| qw: Do Orc after clearing Dungeon:15 true
     0 | D:1      | 0 ||| qw: Do second Lair branch before Depths: true
     0 | D:1      | 0 ||| qw: Lair rune preference: random
     0 | D:1      | 0 ||| qw: Goals: Normal, Zot:1-4, Slime:5, God:TSO, Crypt,
                  | Tomb, Abyss, Pan, Hells, Win
     0 | D:1      | 0 ||| PLANNING D:1-11
    22 | D:1      | 22 ||| Stepping ~*~*~tactically~*~*~ (hiding).
    28 | D:1      | Reached skill level 2 in Axes
   189 | D:1      | Reached XP level 2. HP: 19/19 MP: 2/2
   238 | D:1      | 238 ||| Stepping ~*~*~tactically~*~*~ (stealth).
   245 | D:1      | Found a faded altar of an unknown god.
   390 | D:1      | Reached skill level 3 in Axes
   419 | D:1      | Reached XP level 3. HP: 23/23 MP: 3/3
   670 | D:1      | 670 ||| Stepping ~*~*~tactically~*~*~ (hiding).
   775 | D:1      | 775 ||| Stepping ~*~*~tactically~*~*~ (stealth).
   850 | D:1      | 850 ||| UPGRADING to +0 pair of gloves.
   855 | D:1      | 855 ||| READING 5 scrolls labelled WAUNA TACSO.
   856 | D:1      | 856 ||| READING scroll labelled ATRASY BOUTIAME.
   857 | D:1      | 857 ||| READING 4 scrolls of identify.
   857 | D:1      | 857 ||| IDENTIFYING murky silvery potion
   858 | D:1      | 858 ||| DROPPING potion of degeneration.
   951 | D:2      | Reached XP level 4. HP: 22/28 MP: 4/4
  1024 | D:2      | Found a glowing silver altar of Zin.
  1239 | D:2      | 1239 ||| DROPPING scarf of shadows.
  1240 | D:2      | 1240 ||| DRINKING 2 viscous inky potions.
  1249 | D:2      | 1249 ||| READING 3 scrolls of identify.
  1249 | D:2      | 1249 ||| IDENTIFYING bubbling grey potion
  1250 | D:2      | 1250 ||| READING 2 scrolls of identify.
  1250 | D:2      | 1250 ||| IDENTIFYING smoky coppery potion
  1251 | D:2      | 1251 ||| DROPPING potion of ambrosia.
  1259 | D:3      | Found a sacrificial altar of Ru.
  1301 | D:3      | Found a runed translucent door.
  1311 | D:3      | 1311 ||| Stepping ~*~*~tactically~*~*~ (hiding).
  1313 | D:3      | 1313 ||| Stepping ~*~*~tactically~*~*~ (hiding).
  1570 | D:3      | Reached skill level 4 in Axes
  1645 | D:3      | Found a white marble altar of Elyvilon.
  1730 | D:3      | 1730 ||| Stepping ~*~*~tactically~*~*~ (stealth).
  1766 | D:3      | 1766 ||| DROPPING +0 club.
  1808 | D:3      | Identified the +1 robe of Philately {rElec rN+ Str-2 SInv}
  1858 | D:3      | 1858 ||| Stepping ~*~*~tactically~*~*~ (hiding).
  1859 | D:3      | 1859 ||| Stepping ~*~*~tactically~*~*~ (hiding).
  2230 | D:3      | Reached XP level 5. HP: 31/32 MP: 5/5
  2242 | D:3      | Reached skill level 5 in Axes
  2463 | D:3      | Noticed qw's ghost (weakling GrHs)
  2465 | D:3      | 2465 ||| UPGRADING to +0 tower shield.
  2475 | D:3      | 2475 ||| DROPPING +0 buckler.
  2476 | D:3      | 2476 ||| UPGRADING to ring of willpower.
  2477 | D:3      | 2477 ||| READING 2 scrolls labelled SOTSYUFUKOS.
  2478 | D:3      | 2478 ||| READING 2 scrolls labelled PUM VEREFINE.
  2482 | D:3      | 2482 ||| READING 2 scrolls of identify.
  2482 | D:3      | 2482 ||| IDENTIFYING orange potion
  2483 | D:3      | 2483 ||| DROPPING scroll of noise.
  2491 | D:4      | Noticed Ijyb
  2495 | D:4      | HP: 8/33 [Ijyb/bolt of light (17)]
  2497 | D:4      | Killed from afar by Ijyb

Levels and vault maps discovered:
D:1:      psy_arrival_statuary, layout_basic, basic_ecumenical_altar,
          minmay_close_crescents
D:2:      layout_rooms, basic_altar
D:3:      minmay_recursive_quarters, layout_loops_ring,
          nicolae_ru_sacrificial_ziggurat, elyvilon_altar_3,
          ebering_ghost_reflecting_pool, dreamdust_princess_bridge,
          goddamned_bats
D:4:      layout_rooms, serial_rivers, chequers_serial_rivers_large_b,
          chequers_serial_rivers_marsh, chequers_serial_rivers_small_b,
          chequers_serial_rivers_small_a, chequers_serial_rivers_small_3,
          chequers_serial_rivers_room_a, minivault_4, uniq_ijyb, uniq_robin,
          uniq_blork_the_orc, uniq_pargi

Skill      XL: |  1  2  3  4  5 |
---------------+----------------+-----
Axes           | 2 3 4 5 |  5.0
Fighting       | 4 |  4.2
Armour         | |  3.2
Shields        | |  3.2

Action                     |  1- 3 |  4- 6 || total
---------------------------+-------+-------++-------
  Melee: War axe           |    86 |   119 ||   205
  Throw: Boomerang         |       |    42 ||    42
    Use: Scroll            |     3 |     5 ||     8
         Potion            |       |     1 ||     1
 Armour: Scale mail        |    36 |   136 ||   172
  Dodge: Dodged            |    38 |    95 ||   133
  Block: Buckler           |    10 |    34 ||    44

Table legend:
 A = Non-vault XP
 B = Vault XP
 C = Vault XP percentage of total XP
 D = Non-vault monster count
 E = Vault monster count
 F = Vault count percentage of total count
                 A         B        C        D         E       F
            +---------+---------+-------+---------+---------+-------
      Total |     114 |     204 |  64.2 |      55 |      33 |  37.5
            +---------+---------+-------+---------+---------+-------
        D:1 |      54 |      13 |  19.4 |      29 |       6 |  17.1
        D:2 |      21 |       0 |   0.0 |       9 |       0 |   0.0
        D:3 |      39 |     191 |  83.0 |      17 |      27 |  61.4
            +---------+---------+-------+---------+---------+-------
